 Dungeon Crawl Stone Soup version 0.30-a0-371-gad7725a93e (webtiles) character file.

Game seed: 16196969419196827222

33 arthad the Grasshopper (level 3, -4/31 HPs)
             Began as a Gnoll Warper on Nov 20, 2022.
             Was an Initiate of Lugonu.
             Slain by Terence
             ... wielding a +3 short sword of distortion
              (6 damage)
             ... on level 2 of the Dungeon.
             The game lasted 00:05:55 (1514 turns).

arthad the Grasshopper (Gnoll Warper)               Turns: 1514, Time: 00:05:55

Health: -4/31      AC:  4    Str: 10    XL:     3   Next: 29%
Magic:  9/9        EV: 12    Int: 14    God:    Lugonu [......]
Gold:   113        SH:  0    Dex: 11    Spells: 4/12 levels left

rFire   . . .      SeeInvis .    e - +2 spear (flame)
rCold   . . .      Faith    .    (no shield)
rNeg    . . .      Spirit   .    b - +0 leather armour
rPois   .          Reflect  .    (no helmet)
rElec   .          Harm     .    (no cloak)
rCorr   .          Rampage  .    (no gloves)
Will    .....                    k - +0 pair of boots
Stlth   +.........               (no amulet)
HPRegen 0.25/turn                (no ring)
MPRegen 0.11/turn                (no ring)

@: confused, ambrosia-drunk, unable to read
A: fangs 1, strong nose, distributed training, inability to read after injury 1,
devolution 1
a: Renounce Religion


You were on level 2 of the Dungeon.
You worshipped Lugonu.
Lugonu was noncommittal.
You visited 1 branch of the dungeon, and saw 2 of its levels.
You visited the Abyss 1 time.

You collected 113 gold pieces.

Inventory:

Hand Weapons
 a - a +0 hand axe
 e - a +2 spear of flaming (weapon)
 h - a +2 dagger of flaming
Missiles
 d - 7 boomerangs of dispersal (quivered)
Armour
 b - a +0 leather armour (worn)
 k - a +0 pair of boots (worn)
Scrolls
 c - a scroll of blinking
Potions
 g - a potion of ambrosia


   Skills:
 + Level 4.5 Fighting
 + Level 0.8 Short Blades
 + Level 0.8 Long Blades
 + Level 4.5 Axes
 + Level 0.8 Maces & Flails
 + Level 0.8 Polearms
 + Level 0.8 Staves
 + Level 0.8 Ranged Weapons
 + Level 2.6 Throwing
 + Level 2.6 Armour
 + Level 4.5 Dodging
 + Level 0.8 Stealth
 + Level 0.8 Shields
 + Level 0.8 Unarmed Combat
 + Level 5.0 Spellcasting
 + Level 0.5 Conjurations
 + Level 0.5 Hexes
 + Level 0.5 Summonings
 + Level 0.5 Necromancy
 + Level 5.4 Translocations
 + Level 0.5 Transmutations
 + Level 0.5 Fire Magic
 + Level 0.5 Ice Magic
 + Level 0.5 Air Magic
 + Level 0.5 Earth Magic
 + Level 0.5 Poison Magic
 + Level 1.0 Invocations
 + Level 0.8 Evocations


You had 4 spell levels left.
You knew the following spells:

 Your Spells              Type           Power      Damage    Failure   Level
a - Blink                 Tloc           36%        N/A       3%          2
b - Lesser Beckoning      Tloc           36%        N/A       8%          3
c - Teleport Other        Tloc           18%        N/A       8%          3

Your spell library contained the following spells:

 Spells                   Type           Power      Damage    Failure   Level
 Kiss of Death            Conj/Necr      20%        2d7       19%         1
 Vhi's Electric Charge    Tloc/Air       22%        N/A       21%         3
 Manifold Assault         Tloc           18%        N/A       24%         4
 Confusing Touch          Hex            5%         N/A       47%         3
 Stone Arrow              Conj/Erth      10%        3d7       47%         3
 Animate Armour           Summ/Erth      10%        N/A       87%         4
 Dispel Undead            Necr           5%         3d7       87%         4
 Lehudib's Crystal Spear  Conj/Erth      2%         10d2      100%        8


Dungeon Overview and Level Annotations

Branches:
Dungeon (2/15)

Altars:
The Shining One

Annotations:
D:2 1 runed translucent door, Crazy Yiuf, Terence


Innate Abilities, Weirdness & Mutations

You have very sharp teeth.
Your uncanny sense of smell can sniff out nearby items.
Your experience applies equally to all skills.
You occasionally lose the ability to read scrolls when taking damage.
You have hidden genetic defects.


Message History

Found a corrupted altar of Lugonu.
There is a corrupted altar of Lugonu here.
You kneel at the altar of Lugonu.
Lugonu welcomes you!
You can now depart the Abyss.
You pass through the gate.
Welcome back to the Dungeon!
Level annotation: 1 runed translucent door, Crazy Yiuf, Terence You can no longer depart the Abyss at will.
You barely miss Terence.
Terence is lightly wounded.
Terence hits you with a +3 short sword of distortion.
Space warps around you.
You closely miss Terence. You bite Terence, but do no damage.
Terence is lightly wounded.
Terence misses you.
You hit Terence. You burn Terence. You punch Terence.
Terence is moderately wounded.
Terence hits you with a +3 short sword of distortion.
You resist the pull of the Abyss.
You hit Terence. You burn Terence. Your bite misses Terence.
Terence is heavily wounded.
Terence closely misses you.
Terence hits you with a +3 short sword of distortion.
Space warps horribly around you!
You feel threatened and lose the ability to read scrolls!
* * * LOW HITPOINT WARNING * * *
You are confused.
You feel invigorated.
Terence hits you with a +3 short sword of distortion.
* * * LOW HITPOINT WARNING * * *
Space warps around you.
* * * LOW HITPOINT WARNING * * *
Unknown command.
You barely miss Terence.
Terence is heavily wounded.
Terence hits you with a +3 short sword of distortion.
* * * LOW HITPOINT WARNING * * *
Space warps around you.
You die...

#.#)# # ### #.#.# ##
###..)# ##(#.#######
.####.+...#
#....>.....#
..#..##...#
##.#..####.# .#.###
### #.#.....# ####
#.#...#.# #.#...# #
#.#@..# # #.#.@.#
######## #.#...#
#..<...#######.#...#
.......##......#...#
......(#...#####..<#
.......#...# #..##
#.######...# #...
#..## #...# ##g#


You could see Terence.

Vanquished Creatures
  An adder (D:2)
  2 endoplasms (D:1)
  A giant cockroach (D:2)
  5 goblins
  2 hobgoblins
  4 kobolds (D:1)
  A ball python (D:2)
  4 bats
  2 rats (D:2)
22 creatures vanquished.

Notes
Turn   | Place    | Note
-------+----------+-------------------------------------------
     0 | D:1      | arthad the Gnoll Warper began the quest for the Orb.
     0 | D:1      | Reached XP level 1. HP: 20/20 MP: 6/6
   192 | D:1      | Reached XP level 2. HP: 13/26 MP: 7/7
   640 | D:1      | Found a faded altar of an unknown god.
  1043 | D:2      | Found a glowing golden altar of the Shining One.
  1065 | D:2      | Reached skill level 5 in Spellcasting
  1065 | D:2      | Reached XP level 3. HP: 22/31 MP: 7/9
  1199 | D:2      | Found a runed translucent door.
  1200 | D:2      | Noticed Crazy Yiuf
  1206 | D:2      | Learned a level 2 spell: Blink
  1210 | D:2      | Learned a level 3 spell: Lesser Beckoning
  1214 | D:2      | Learned a level 3 spell: Teleport Other
  1289 | D:2      | Noticed Terence
  1422 | D:2      | Reached skill level 1 in Invocations
  1435 | Abyss:1  | Cast into level 1 of the Abyss (Terence)
  1458 | Abyss:1  | Noticed a large abomination
  1467 | Abyss:2  | Noticed a neqoxec
  1467 | Abyss:2  | Noticed a neqoxec
  1471 | Abyss:2  | Gained mutation: You have hidden genetic defects. [a
                  | neqoxec]
  1486 | Abyss:2  | Gained mutation: You occasionally lose the ability to read
                  | scrolls when taking damage. [a neqoxec]
  1498 | Abyss:2  | Found a corrupted altar of Lugonu.
  1499 | Abyss:2  | Found a corrupted altar of Lugonu.
  1499 | Abyss:2  | Found a corrupted altar of Lugonu.
  1507 | Abyss:2  | Became a worshipper of Lugonu the Unformed
  1507 | Abyss:2  | Reached * piety under Lugonu
  1508 | D:2      | Escaped the Abyss
  1514 | D:2      | Slain by Terence

Illustrated notes

Levels and vault maps discovered:
D:1:      amcnicky_arrival_choice, layout_loops_ring,
          shapermc_ecumenical_altar_petra
D:2:      layout_basic, basic_altar, uniq_crazy_yiuf_cottage, uniq_terence

Skill      XL: |  1  2  3 |
---------------+----------+-----
Spellcasting   | 5 |  5.0
Invocations    | 1 |  1.0
Fighting       | |  4.5
Short Blades   | |  0.8
Long Blades    | |  0.8
Axes           | |  4.5
Maces & Flails | |  0.8
Polearms       | |  0.8
Staves         | |  0.8
Ranged Weapons | |  0.8
Throwing       | |  2.6
Armour         | |  2.6
Dodging        | |  4.5
Stealth        | |  0.8
Shields        | |  0.8
Unarmed Combat | |  0.8
Conjurations   | |  0.5
Hexes          | |  0.5
Summonings     | |  0.5
Necromancy     | |  0.5
Translocations | |  5.4
Transmutations | |  0.5
Fire Magic     | |  0.5
Ice Magic      | |  0.5
Air Magic      | |  0.5
Earth Magic    | |  0.5
Poison Magic   | |  0.5
Evocations     | |  0.8

Action                   || total
-------------------------++-------
Melee: Hand axe          ||    68
       Bite              ||     4
       Spear             ||     9
       Punch             ||     1
Throw: Throwing net      ||     1
 Cast: Blink             ||     1
Invok: Depart the Abyss  ||     1
  Use: Potion            ||     4
       Scroll            ||     3
Armor: Leather armour    ||    33
Dodge: Dodged            ||    57

Table legend: (Time is in decaauts)
 A = Elapsed time spent in this place.
 B = Non-inter-level travel time spent in this place.
 C = Inter-level travel time spent in this place.
 D = Time resting spent in this place.
 E = Time spent auto-exploring this place.
 F = Levels seen in this place.
 G = Mean time per level.
                   A        B        C        D        E       F      G
               +--------+--------+--------+--------+--------+-----+--------+
         Total |   1519 |   1377 |    142 |     45 |   1036 |   4 |  379.8 |
       Dungeon |   1445 |   1303 |    142 |     45 |   1014 |   2 |  722.5 |
         Abyss |     73 |     73 |      0 |      0 |     22 |   2 |   36.5 |
               +--------+--------+--------+--------+--------+-----+--------+

Top non-repeatable levels by time:
     D:1: 988 daAuts
     D:2: 457 daAuts
 Abyss:2: 43 daAuts
 Abyss:1: 29 daAuts
